 Dungeon Crawl Stone Soup version 0.21-a0-361-g4efd3f9 (webtiles) character file.

21 Dfrag the Firebug (level 2, -1/19 HPs)
             Began as a Demonspawn Fire Elementalist on Oct 13, 2017.
             Slain by a thrashing horror (3 damage)
             ... on level 2 of the Abyss.
             The game lasted 00:01:35 (854 turns).

Dfrag the Firebug (Demonspawn Fire Elementalist)     Turns: 854, Time: 00:01:36

Health: -1/19      AC:  2    Str:  8    XL:     2   Next: 62%
Magic:  5/5        EV: 12    Int: 16    God:
Gold:   134        SH:  0    Dex: 13    Spells: 4/5 levels left

rFire    . . .     SeeInvis .   (no weapon)
rCold    . . .     Gourm    .   (no shield)
rNeg     . . .     Faith    .   a - +0 robe
rPois    .         Spirit   .   (no helmet)
rElec    .         Reflect  .   (no cloak)
rCorr    .         Harm     .   (no gloves)
MR       .....                  (no boots)
Stlth    ++........             (no amulet)
HPRegen  0.00/turn              (no ring)
MPRegen  0.09/turn              (no ring)

@: non-regenerating, diseased
A: talons 1
a: no special abilities


You were on level 2 of the Abyss.
You were not hungry.

You visited 1 branch of the dungeon, and saw 2 of its levels.
You visited the Abyss 1 time.

You collected 134 gold pieces.

Inventory:

Hand Weapons
 k - a +2 dagger of distortion
Armour
 a - a +0 robe (worn)
Scrolls
 d - 5 scrolls of enchant weapon {unknown}
 g - 2 scrolls of teleportation {unknown}
 h - a scroll of immolation {unknown}
 i - a scroll of blinking {unknown}
 j - a scroll of identify {unknown}
Potions
 e - a potion of flight {unknown}
 l - a potion of brilliance {unknown}
 m - a potion of lignification {unknown}
Books
 b - a book of Flames

   Spells                             Type                      Level
   a - Flame Tongue                   Conjuration/Fire             1
   b - Throw Flame                    Conjuration/Fire             2
   c - Conjure Flame                  Conjuration/Fire             3
   d - Inner Flame                    Hexes/Fire                   3
   e - Sticky Flame                   Conjuration/Fire             4
   f - Fireball                       Conjuration/Fire             5
Comestibles
 c - 3 bread rations
 f - 2 meat rations


   Skills:
 - Level 1.7 Dodging
 - Level 1.7 Stealth
 + Level 2.3 Spellcasting
 + Level 1.7 Conjurations
 + Level 3.0 Fire Magic


You had 4 spell levels left.
You knew the following spells:

 Your Spells              Type           Power        Failure   Level  Hunger
a - Flame Tongue          Conj/Fire      #....        8%          1    #......


Dungeon Overview and Level Annotations

Branches:
Dungeon (2/15)

Altars:


Innate Abilities, Weirdness & Mutations

You have sharp toenails.


Message History

m - a metallic purple potion A starcursed mass comes into view.
The starcursed mass moves out of view.
An eye of draining comes into view.
The eye of draining turns its gaze towards you.
A large abomination comes into view.
You feel yourself growing ill in the presence of the ancient zyme.
An ancient zyme comes into view.
The ancient zyme moves out of view.
The thrashing horror roars!
You feel yourself growing ill in the presence of the ancient zyme.
Found 2 needles of sleeping. 3 spatial vortices come into view.
The thrashing horror tramples you!
Ouch! That really hurt!
* * * LOW HITPOINT WARNING * * *
You stumble backwards!
You feel ill.
A spatial maelstrom comes into view.
The thrashing horror barely misses you. The thrashing horror tramples you.
You die...

###.#...#.... #.
#...G§..##.# ..#
#.###.##..# ... .
##..#..#..#.. .
#..# ###...# .
#X#X#...# ##
.x##.....# #
##.##..x#####.##..
#.....v..#@.....#
#........X(#......
#....v.....# .....
###.#.###### ....
#.#v .#. # #v # ##


You could see a spatial maelstrom and a thrashing horror.

Vanquished Creatures
  4 bats
  A giant cockroach (D:1)
  3 goblins (D:1)
  2 hobgoblins (D:1)
  3 jackals (D:1)
  2 frilled lizards (D:1)
  2 kobolds (D:2)
  2 rats (D:1)
19 creatures vanquished.

Notes
Turn   | Place    | Note
-------+----------+-------------------------------------------
     0 | D:1      | Dfrag the Demonspawn Fire Elementalist began the quest for the Orb.
     0 | D:1      | Reached XP level 1. HP: 13/13 MP: 3/3
   136 | D:1      | Gained mutation: You have sharp toenails. [demonic ancestry]
   136 | D:1      | Reached XP level 2. HP: 13/19 MP: 1/5
   634 | D:1      | Reached skill level 3 in Fire Magic
   789 | D:2      | Cast into level 1 of the Abyss (a distortion unwield)
   792 | Abyss:1  | Noticed a small abomination
   831 | Abyss:2  | Noticed a small abomination
   837 | Abyss:2  | Noticed a starcursed mass
   844 | Abyss:2  | Noticed an eye of draining
   846 | Abyss:2  | Noticed a large abomination
   847 | Abyss:2  | Noticed an ancient zyme
   850 | Abyss:2  | Noticed a thrashing horror
   853 | Abyss:2  | Noticed a spatial vortex
   853 | Abyss:2  | Noticed a spatial vortex
   853 | Abyss:2  | Noticed a spatial vortex
   854 | Abyss:2  | Noticed a spatial maelstrom
   854 | Abyss:2  | Slain by a thrashing horror

Vault maps used:
D:1:      dpeg_arrival_court
D:2:      grunt_temple_overflow_octagram, first_bread
Abyss:2:  evilmike_abyss_exit_8

Skill      XL: |  1  2 |
---------------+-------+-----
Fire Magic     | 3 |  3.0
Dodging        | |  1.7
Stealth        | |  1.7
Spellcasting   | |  2.3
Conjurations   | |  1.7

Action                   || total
-------------------------++-------
Melee: Unarmed           ||    32
       Kick              ||     2
 Cast: Flame Tongue      ||    26
Armor: Robe              ||    10
Dodge: Dodged            ||    37

Table legend:
 A = Spawn XP
 B = Non-spawn XP
 C = Spawn XP percentage of total XP
 D = Spawn monster count
 E = Non-spawn monster count
 F = Spawn count percentage of total count
 G = Total turns spent on level
                    A         B        C        D         E        F      G
               +---------+---------+-------+---------+---------+-------+---------
         Total |       0 |      30 |   0.0 |       0 |      19 |   0.0 |   854
               +---------+---------+-------+---------+---------+-------+---------
           D:1 |       0 |      26 |   0.0 |       0 |      16 |   0.0 |   754
           D:2 |       0 |       4 |   0.0 |       0 |       3 |   0.0 |    35
               +---------+---------+-------+---------+---------+-------+---------
